 Dungeon Crawl Stone Soup version 0.21.1-1-g345015f (webtiles) character file.

51 letownia2 the Chiller (level 3, -4/24 HPs)
             Began as a Merfolk Ice Elementalist on Feb 15, 2018.
             Slain by a worm (9 damage)
             ... on level 2 of the Dungeon.
             The game lasted 00:04:27 (617 turns).

letownia2 the Chiller (Merfolk Ice Elementalist)     Turns: 617, Time: 00:04:28

Health: -4/24      AC:  3    Str:  2    XL:     3   Next: 81%
Magic:  1/6        EV: 13    Int: 15    God:
Gold:   82         SH:  0    Dex: 14    Spells: 0/6 levels left

rFire    . . .     SeeInvis +   d - +0 spear
rCold    . . .     Gourm    .   (no shield)
rNeg     . . .     Faith    .   a - +0 robe
rPois    .         Spirit   .   (no helmet)
rElec    .         Reflect  .   f - +0 cloak
rCorr    .         Harm     .   (no gloves)
MR       .....                  (no boots)
Stlth    ++........             (no amulet)
HPRegen  0.08/turn              h - -6 ring of strength (curse)
MPRegen  0.10/turn              k - ring of see invisible

@: very slightly contaminated
A: change form in water, swift swim, stealthy swim
a: no special abilities


You were on level 2 of the Dungeon.
You were not hungry.

You visited 1 branch of the dungeon, and saw 2 of its levels.

You collected 82 gold pieces.

Inventory:

Hand Weapons
 d - a +0 spear (weapon)
 g - a +0 dagger
Armour
 a - a +0 robe (worn)
 f - a +0 cloak (worn)
Jewellery
 h - a cursed -6 ring of strength (left hand)
 k - a ring of see invisible (right hand)
Scrolls
 e - 6 scrolls of identify {unknown}
 i - a scroll of enchant armour {unknown}
 j - a scroll of remove curse {unknown}
Books
 b - a book of Frost

   Spells                             Type                      Level
   a - Freeze                         Ice                          1
   b - Throw Frost                    Conjuration/Ice              2
   c - Ozocubu's Armour               Charms/Ice                   3
   d - Throw Icicle                   Conjuration/Ice              4
   e - Summon Ice Beast               Ice/Summoning                4
Comestibles
 c - 4 rations


   Skills:
 - Level 2.6 Dodging
 - Level 2.1 Stealth
 - Level 2.0 Spellcasting
 - Level 0.7 Conjurations
 + Level 5.1 Ice Magic


You couldn't memorise any spells.
You knew the following spells:

 Your Spells              Type           Power        Failure   Level  Hunger
a - Freeze                Ice            ###.         2%          1    #......
f - Throw Frost           Conj/Ice       ##....       10%         2    ###....
o - Ozocubu's Armour      Chrm/Ice       #.......     24%         3    ###....


Dungeon Overview and Level Annotations

Branches:
Dungeon (2/15)

Altars:


Message History

Press: ? - help, Shift-Dir - straight line, f/p - adder
Aim: an adder (severely wounded, slow)
You miscast Freeze.
You are very lightly contaminated with residual magic.
You hear a crackling sound.
The adder misses you. The worm barely misses you. The adder bites you.
Unknown command.
Unknown command.
Casting: Freeze
Confirm with . or Enter, or press ? or * to list all spells.
Aiming: Freeze
Press: ? - help, Shift-Dir - straight line, f/p - adder
Aim: an adder (severely wounded, slow)
You freeze the adder.
You kill the adder!
Your Ice Magic skill increases to level 5!
The adder bites you.
* * * LOW HITPOINT WARNING * * *
The worm bites you!
You die...

#...# #...# ## #...# #?
#...# #.#####
#...#######.
#.....#####...........
#.....#...#.......####
#.....#...#..K##......
####........#..w@S......
........................
##.##...................
##..#..##....#####......
....#..#..>..### ...(#.
''####.........###....#
.....##....#......#####
......####.........###
.......###.##........###


You could see a worm, an adder and a kobold.

Vanquished Creatures
  An adder (D:2)
  A dart slug (D:2)
  2 leopard geckos (D:2)
  2 ball pythons
  A giant cockroach (D:1)
  6 goblins
  5 hobgoblins
  4 jackals
  5 bats
  6 rats
33 creatures vanquished.

Notes
Turn   | Place    | Note
-------+----------+-------------------------------------------
     0 | D:1      | letownia2 the Merfolk Ice Elementalist began the quest for the Orb.
     0 | D:1      | Reached XP level 1. HP: 13/13 MP: 3/3
   104 | D:1      | Reached XP level 2. HP: 4/19 MP: 0/5
   152 | D:1      | Reached skill level 4 in Ice Magic
   292 | D:1      | Learned a level 2 spell: Throw Frost
   352 | D:1      | Reached XP level 3. HP: 14/24 MP: 1/6
   374 | D:1      | Learned a level 3 spell: Ozocubu's Armour
   617 | D:2      | Reached skill level 5 in Ice Magic
   617 | D:2      | Slain by a worm

Skill      XL: |  1  2  3 |
---------------+----------+-----
Ice Magic      | 4 5 |  5.1
Dodging        | |  2.6
Stealth        | |  2.1
Spellcasting   | |  2.0
Conjurations   | |  0.7

Action                   || total
-------------------------++-------
Melee: Spear             ||    52
       Unarmed           ||     2
 Cast: Freeze            ||    41
 Stab: Sleeping          ||     2
Armor: Robe              ||    18
Dodge: Dodged            ||    48
